 Dungeon Crawl Stone Soup version 0.25-a0-194-gece12570e2 (webtiles) character file.

Game seed: 7732372616247691214, levelgen mode: deterministic

460296 Goreval the Merfolkian Porcupine (level 24, -30/195 HPs)
             Began as a Merfolk Gladiator on Dec 1, 2019.
             Was the Champion of Yredelemnul.
             Killed from afar by Boris (74 damage)
             ... with an iron shot
             ... on level 4 of the Vaults.
             The game lasted 05:30:08 (50976 turns).

Goreval the Merfolkian Porcupine (MfGl)            Turns: 50976, Time: 05:30:09

Health: -30/195    AC: 19    Str: 33      XL:     24   Next: 47%
Magic:  10/35      EV: 27    Int: 21 (23) God:    Yredelemnul [******]
Gold:   3121       SH:  8    Dex: 18      Spells: 21/39 levels left

rFire    + + .     SeeInvis .   O - +4 trident (vamp)
rCold    + . .     Gourm    .   a - +3 buckler "Nouthrus" {Int+9}
rNeg     + + +     Faith    .   D - +3 scale mail of the Stag {rN+ rCorr Str+4 Dex-4}
rPois    +         Spirit   .   R - +2 hat
rElec    +         Reflect  .   W - scarf {rC+ rF+}
rCorr    +         Harm     .   q - +2 pair of gloves
MR       +++..     Rnd*Rage +   Z - +2 pair of boots
Stlth    ..........             Y - amulet of Siowauh {rN+ MR+ Regen+ Dex+2}
HPRegen  0.82/turn              X - ring "Dyiza" {rElec rF+ Str+3 Int+6 Stlth-}
MPRegen  0.24/turn              Q - ring of Ciastrilu {rPois rC- rN+ MR+ Str+4}

@: no status effects
A: change form in water, swift swim, stealthy swim, horns 1, repulsion field 1,
berserk 1, cold resistance 1, strong 1
}: 2/15 runes: decaying, serpentine
a: Recall Undead Slaves, Injury Mirror, Animate Dead, Drain Life, Enslave Soul,
Renounce Religion


You were on level 4 of the Vaults.
You worshipped Yredelemnul.
Yredelemnul was exalted by your worship.
You were near starving.

You visited 8 branches of the dungeon, and saw 42 of its levels.
You also visited: Ossuary, Ice Cave and Volcano.

You collected 6325 gold pieces.
You spent 3204 gold pieces at shops.

Inventory:

Hand Weapons
 O - a +4 vampiric trident (weapon)
Missiles
 d - 6 throwing nets (quivered)
Armour
 a - the +3 buckler "Nouthrus" (worn) {Int+9}
   (You acquired it on level 3 of the Lair of Beasts)

   It affects your intelligence (+9).
 q - a +2 pair of gloves (worn)
 D - the +3 scale mail of the Stag (worn) {rN+ rCorr Str+4 Dex-4}
   (You found it on level 4 of the Vaults)

   It affects your strength (+4).
   It affects your dexterity (-4).
   It protects you from negative energy.
   It provides partial protection from all sources of acid and corrosion.
 R - a +2 hat (worn)
 W - a scarf of resistance (worn)
 Z - a +2 pair of boots (worn)
Jewellery
 n - an uncursed ring of protection from magic
 B - an uncursed ring of ice
 G - an uncursed ring of resist corrosion
 Q - the ring of Ciastrilu (right hand) {rPois rC- rN+ MR+ Str+4}
   (You found it on level 1 of the Depths)

   [ring of protection from magic]

   It affects your strength (+4).
   It makes you vulnerable to cold.
   It protects you from poison.
   It protects you from negative energy.
   It affects your resistance to hostile enchantments.
 X - the ring "Dyiza" (left hand) {rElec rF+ Str+3 Int+6 Stlth-}
   (You bought it in a shop on level 2 of the Snake Pit)

   [ring of protection from fire]

   It affects your strength (+3).
   It affects your intelligence (+6).
   It protects you from fire.
   It insulates you from electricity.
   It makes you less stealthy.
 Y - the amulet of Siowauh (around neck) {rN+ MR+ Regen+ Dex+2}
   (You found it on level 6 of the Lair of Beasts)

   [amulet of regeneration]

   It affects your dexterity (+2).
   It protects you from negative energy.
   It affects your resistance to hostile enchantments.
   It increases your rate of regeneration.
Wands
 m - a wand of paralysis (40)
 J - a wand of disintegration (11)
 K - a wand of digging (13)
 L - a wand of polymorph (21)
 V - a wand of enslavement (10)
Scrolls
 c - 11 scrolls of identify
 j - 4 scrolls of enchant weapon
 k - 3 scrolls of fear
 l - 10 scrolls of amnesia
 o - 5 scrolls of enchant armour
 p - 10 scrolls of magic mapping
 s - 26 scrolls of teleportation
 v - 22 scrolls of remove curse
 x - 6 scrolls of fog
 y - a scroll of vulnerability
 M - 8 scrolls of immolation
 P - a scroll of brand weapon
 S - 9 scrolls of blinking
Potions
 e - 4 potions of flight
 g - 5 potions of agility
 i - 2 potions of resistance
 r - 8 potions of haste
 t - 11 potions of curing
 w - 11 potions of heal wounds
 z - 4 potions of magic
 E - 8 potions of brilliance
 F - 4 potions of lignification
 I - 2 potions of cancellation
 N - a potion of might
 U - 2 potions of ambrosia
Comestibles
 f - 37 rations


   Skills:
 + Level 17.1 Fighting
 O Level 27 Polearms
 - Level 2.0 Throwing
 - Level 6.0 Armour
 + Level 19.1 Dodging
 - Level 4.0 Shields
 - Level 8.0 Spellcasting
 * Level 16.6 Charms
 - Level 4.0 Necromancy
 - Level 4.6 Translocations
 + Level 17.0 Invocations
 - Level 6.0 Evocations


You had 21 spell levels left.
You knew the following spells:

 Your Spells              Type           Power        Failure   Level  Hunger
a - Infusion              Chrm           ####         0%          1    None
b - Shroud of Golubria    Chrm/Tloc      ######       1%          2    None
c - Regeneration          Chrm/Necr      ######....   1%          3    None
d - Song of Slaying       Chrm           ######..     1%          2    None
e - Deflect Missiles      Chrm/Air       #####.....   58%         6    ######.
f - Spectral Weapon       Hex/Chrm       #####...     1%          3    None
g - Apportation           Tloc           ####..       2%          1    None

Your spell library contained the following spells:

 Spells                   Type           Power        Failure   Level  Hunger
 Animate Skeleton         Necr           N/A          2%          1    None
 Corpse Rot               Necr           N/A          4%          2    None
 Sublimation of Blood     Necr           ####......   4%          2    None
 Gell's Gravitas          Tloc           ####......   6%          3    None
 Beastly Appendage        Tmut           #.....       14%         1    None
 Confusing Touch          Hex            #.....       14%         1    None
 Flame Tongue             Conj/Fire      #....        14%         1    None
 Sting                    Conj/Pois      #...         14%         1    None
 Summon Butterflies       Summ           #.......     14%         1    None
 Summon Small Mammal      Summ           #...         14%         1    None
 Portal Projectile        Hex/Tloc       ###...       17%         3    None
 Poisonous Vapours        Pois/Air       #.....       22%         2    None
 Sticks to Snakes         Tmut           #.......     22%         2    None
 Throw Flame              Conj/Fire      #.....       22%         2    None
 Call Canine Familiar     Summ           #.......     41%         3    None
 Conjure Flame            Conj/Fire      #.......     41%         3    None
 Ignite Poison            Fire/Tmut/Pois #.......     41%         3    None
 Inner Flame              Hex/Fire       #.......     41%         3    None
 Mephitic Cloud           Conj/Pois/Air  #.......     41%         3    None
 Spider Form              Tmut/Pois      #.........   41%         3    None
 Static Discharge         Conj/Air       #.......     41%         3    None
 Stone Arrow              Conj/Erth      #.....       41%         3    None
 Force Lance              Conj/Tloc      ###.....     50%         4    ###....
 Ice Form                 Ice/Tmut       #.......     82%         4    ###....
 Leda's Liquefaction      Hex/Erth       #.........   82%         4    ###....
 Olgreb's Toxic Radiance  Pois           #.......     82%         4    ###....
 Petrify                  Tmut/Erth      #.......     82%         4    ###....
 Sticky Flame             Conj/Fire      #.......     82%         4    ###....
 Summon Ice Beast         Ice/Summ       #.......     82%         4    ###....
 Summon Lightning Spire   Summ/Air       #.......     82%         4    ###....
 Summon Forest            Summ/Tloc      ###.......   83%         5    #####..
 Dispersal                Tloc           ####......   97%         6    ######.
 Alistair's Intoxication  Tmut/Pois      #.......     99%         5    #####..
 Blade Hands              Tmut           #.........   99%         5    #####..
 Fireball                 Conj/Fire      #.........   99%         5    #####..
 Irradiate                Conj/Tmut      #.........   99%         5    #####..
 Lightning Bolt           Conj/Air       #.........   99%         5    #####..
 Silence                  Hex/Air        #.........   99%         5    #####..
 Summon Mana Viper        Hex/Summ       #.......     99%         5    #####..
 Venom Bolt               Conj/Pois      #.........   99%         5    #####..
 Ring of Flames           Chrm/Fire      #####.....   99%         7    #######
 Bolt of Fire             Conj/Fire      #.........   100%        6    ######.
 Conjure Ball Lightning   Conj/Air       #.........   100%        6    ######.
 Hydra Form               Tmut           #.........   100%        6    ######.
 Summon Hydra             Summ           #.........   100%        7    #######
 Controlled Blink         Tloc           N/A          100%        8    #######
 Disjunction              Tloc           ####......   100%        8    #######
 Ignition                 Fire           #.........   100%        8    #######
 Shatter                  Erth           #.........   100%        9    #######
 Tornado                  Air            #.........   100%        9    #######


Dungeon Overview and Level Annotations

Branches:
Dungeon (15/15)            Temple (1/1) D:4            Lair (6/6) D:11
  Swamp (4/4) Lair:3        Snake (4/4) Lair:2        Slime (0/5) Lair:5
    Orc (2/2) D:10            Elf (0/3) Orc:2        Vaults (5/5) D:14
  Crypt (0/3) Vaults:3     Depths (5/5) D:15            Zot (0/5) Depths:5
Ossuary (visited)           IceCv (visited)         Volcano (visited)

Altars:
Ashenzari
Cheibriados
Dithmenos
Elyvilon
Fedhas
Kikubaaqudgha
Ru
Sif Muna
Trog
Wu Jian
Xom
Yredelemnul
Zin
The Shining One
Beogh
Jiyva

Shops:
D:5 !(:   D:11 =   D:13 ?   Orc:2 *?*(   Snake:2 *}}=*(}   Vaults:1 (
Vaults:3 =   Depths:1 :}   Depths:5 !

Portals:
Hell: Depths:1 Depths:2 Depths:3 Depths:4 Depths:5
Abyss: Depths:4
Pandemonium: Depths:3
Ziggurat: Depths:2
Trove: Vaults:3 (give horn of Geryon)

Annotations:
D:4 3 runed translucent doors, an12's ghost, amateur MfSk
D:7 exclusion: oklob plant
D:14 Roxanne
Vaults:4 Boris
Depths:5 3 runed translucent doors


Innate Abilities, Weirdness & Mutations

You revert to your normal form in water.
You are very nimble and swift while swimming.
You are very stealthy in the water. (Stealth+)
You have a pair of small horns on your head.
You are surrounded by a mild repulsion field. (EV +2)
You tend to lose your temper in combat.
Your flesh is cold resistant. (rC+)
Your muscles are strong. (Str +2)


Message History

You feel much better. Something hits your ettin zombie.
Something crushes your ettin zombie!
Something touches your ettin zombie but does no damage.
Attack whom?
You reach to attack!
You hit something but do no damage.
Attack whom?
You reach to attack!
You spit something like a pig!!! Something hits your ettin zombie!
Your ettin zombie is destroyed!
Attack whom?
You reach to attack!
You hit something.
Attack whom?
You reach to attack!
You impale something!! You closely miss something. You headbutt something.
You puncture something! You headbutt something.
You hear some strange, mumbled words.
An iron shot appears from out of thin air!
The iron shot hits you!!!!
You die...
Your body rises from the dead as a mindless zombie.

.......#...........)#
.......#########+####
..<....# #.......#
.......# #.......#
.......# #.......#
######## #.......#
#...[.[[# #..)[)[[#
#.[[Z@[)# #...Z{Z.#
#..[.))(# #.......#
#.......# #.......#
#..)....#
#########+##########
#...#...#...+......#


You could see 2 friendly vault guard zombies and a friendly titan skeleton.

Vanquished Creatures
  An ancient lich (Vaults:4)
  Vashnia (Snake:4)
  2 golden dragons
  Nikola (Snake:4)
  A bone dragon (Depths:5)
  A tentacled monstrosity (Depths:5)
  A quicksilver dragon (Depths:5)
  Frances (D:13)
  3 sphinxes
  2 tengu reavers
  Kirke (Snake:3)
  A storm dragon (Vaults:4)
  A shadow dragon (Vaults:4)
  2 fire giants
  3 nagarajas
  An iron dragon (Vaults:5)
  4 frost giants
  11 vault wardens
  2 entropy weavers (Vaults:4)
  3 stone giants
  3 very ugly things
  9 ironheart preservers
  A war gargoyle (Depths:2)
  A vampire knight (Depths:5)
  A deep elf annihilator (Vaults:4)
  A purple draconian (Depths:5)
  2 white draconians (Depths:5)
  2 yellow draconians (Depths:5)
  A green death (Depths:3)
  2 red draconians (Depths:5)
  A fire dragon (Vaults:1)
  A crystal guardian (Vaults:4)
  5 deep elf death magi
  3 ettins
  An eidolon (Depths:2)
  3 yaktaur captains
  2 blizzard demons (IceCv)
  A great orb of eyes (shapeshifter) (Vaults:4)
  4 great orbs of eyes
  12 hydras
  Fannar (D:11)
  3 naga warriors
  Harold (Orc:1)
  8 ice dragons
  15 vault guards
  A rakshasa (Depths:4)
  A shambling mangrove (Swamp:3)
  A spriggan air mage (Depths:3)
  A merfolk avatar (Lair:6)
  20 two-headed ogres
  A ghost crab (Swamp:3)
  5 anacondas
  2 centaur warriors
  A dancing weapon (Depths:2)
  5 alligators
  4 deep troll shamans
  2 deep troll earth magi
  3 ogre magi
  A hell hog (Volcano)
  2 orc high priests (Orc:2)
  Urug (D:11)
  4 naga sharpshooters
  2 deep elf knights
  3 spriggan berserkers
  3 shock serpents
  5 large abominations (Depths:1)
  A spectral minotaur (Depths:2)
  A salamander mystic (Snake:3)
  2 skeletal warriors
  A death drake (Depths:2)
  A fire crab (Volcano)
  3 sea snakes (Lair:6)
  6 shadow wraiths
  8 deep trolls
  A spark wasp zombie (Depths:4)
  A deep elf archer (Vaults:4)
  3 wizards
  3 spriggan druids (Swamp:4)
  6 glowing orange brains
  A swamp dragon (Swamp:4)
  A tengu zombie (Vaults:3)
  4 naga ritualists
  A necromancer (Vaults:1)
  A phantasmal warrior (Depths:2)
  5 orc knights
  5 ironbrand convokers
  5 harpies
  An iron dragon zombie (Depths:4)
  5 oklob plants
  3 deep elf magi
  3 wolf spiders
  11 ugly things
  7 mana vipers
  A fire giant zombie (Depths:4)
  7 salamanders
  2 sphinx skeletons (Depths:4)
  6 cyclopes
  4 elephants (Lair:6)
  15 black mambas
  2 naga magi (Snake:4)
  A moth of wrath (Orc:1)
  4 guardian serpents
  6 vault sentinels
  4 ice statues (IceCv)
  A gargoyle (D:12)
  A centaur skeleton (D:15)
  An elf skeleton (Depths:4)
  18 spiny frogs
  2 efreet
  9 yaktaurs
  3 rime drakes (Lair:6)
  10 ice devils
  A komodo dragon (shapeshifter) (Depths:4)
  An anaconda simulacrum (IceCv)
  9 komodo dragons
  A spectral merfolk (Depths:2)
  A tengu conjurer (D:13)
  3 polar bears (Lair:6)
  A jumping spider (shapeshifter) (Vaults:4)
  2 tengu simulacra
  5 tyrant leeches
  5 trolls
  3 meliai (D:13)
  A wind drake (shapeshifter) (D:15)
  A wind drake (Lair:6)
  5 hornets
  A polar bear (shapeshifter) (Vaults:4)
  10 blink frogs
  A meliai (shapeshifter) (D:15)
  A slime creature (shapeshifter) (Vaults:4)
  A raiju (shapeshifter) (Depths:1)
  11 slime creatures
  4 bog bodies
  9 hippogriffs
  4 redbacks
  19 yaks
  3 water elementals
  A spriggan (Swamp:3)
  A tarantella (shapeshifter) (Vaults:3)
  3 wraiths
  2 wyverns
  3 fire bats (Volcano)
  2 hogs (shapeshifter)
  A hog (Snake:3)
  5 basilisks
  17 vampire mosquitoes
  3 hungry ghosts
  Menkaure (D:7)
  2 elf simulacra (Depths:4)
  Edmund (D:6)
  30 nagas
  8 swamp worms
  3 wargs
  23 insubstantial wisps
  18 water moccasins
  A harpy simulacrum (IceCv)
  An iron troll simulacrum (IceCv)
  A hydra simulacrum (IceCv)
  An ogre zombie (Vaults:1)
  A spectral troll (Depths:2)
  7 swamp drakes
  A spectral spriggan (Depths:2)
  4 hell hounds
  9 porcupines
  5 ice beasts
  23 orc warriors
  2 sky beasts
  3 boggarts
  5 necrophages (Swamp:1)
  4 phantoms
  3 centaurs
  A human skeleton (Vaults:1)
  9 wolves
  18 ogres
  12 crocodiles
  3 big kobolds
  8 elf zombies (Ossuary)
  5 small abominations (Depths:1)
  8 bullfrogs
  2 scorpions
  22 killer bees
  2 spectral nagas (Depths:2)
  A human simulacrum (Vaults:3)
  A spectral ogre (Depths:2)
  9 wights
  4 electric eels
  3 howler monkeys
  2 crimson imps
  A spectral centaur (Depths:2)
  2 bullfrog zombies
  5 centaur zombies
  3 jellies
  A quasit (D:11)
  2 human zombies (Ossuary)
  Crazy Yiuf (D:7)
  21 orc priests
  4 hounds
  23 orc wizards
  2 bullfrog skeletons
  3 iguanas
  9 worker ants
  A killer bee zombie (D:9)
  A spriggan simulacrum (Depths:2)
  A hound zombie (D:6)
  3 mummies (Ossuary)
  16 adders
  A howler monkey skeleton (D:8)
  3 shadow imps
  5 worms
  5 dart slugs
  4 leopard geckos
  67 orcs
  7 giant cockroaches
  13 goblins
  13 hobgoblins
  A jackal (D:2)
  3 quokkas
  7 ball pythons
  12 bats
  8 frilled lizards
  A jackal skeleton (D:7)
  12 kobolds
  A leopard gecko skeleton (D:4)
  A quokka skeleton (D:4)
  12 rats
  2 rat zombies (D:4)
  A crawling corpse (Vaults:4)
  A plant (Lair:4)
1069 creatures vanquished.

Vanquished Creatures (collateral kills)
  2 ancient liches
  Boris (Vaults:4)
  the Lernaean hydra (Swamp:4)
  Saint Roka (Snake:2)
  2 golden dragons
  A tentacled monstrosity (Vaults:4)
  2 liches (Depths:4)
  A titan (Vaults:4)
  2 quicksilver dragons
  A sphinx (Vaults:5)
  A shadow dragon (Depths:5)
  Agnes (Snake:4)
  A thorn hunter (Swamp:4)
  A storm dragon (Depths:5)
  3 tengu reavers
  A draconian monk (Depths:5)
  5 fire giants
  4 vault wardens
  9 nagarajas
  4 frost giants
  3 deep elf sorcerers
  An orc warlord (Vaults:5)
  7 ironheart preservers
  2 draconian annihilators (Depths:5)
  A ghoul (Depths:2)
  A deep elf elementalist (Vaults:5)
  11 very ugly things
  A war gargoyle (Vaults:4)
  2 reapers (Depths:4)
  2 caustic shrike skeletons (Depths:4)
  The ghost of Girphej the Cleaver, a journeyman KoFi of Okawaru (Orc:1)
  An entropy weaver (Vaults:3)
  6 stone giants
  A deep elf annihilator (Vaults:4)
  2 black draconians (Depths:5)
  2 purple draconians (Depths:5)
  2 white draconians (Depths:5)
  2 red draconians (Depths:5)
  2 ettins
  4 spark wasps (Depths:3)
  2 very ugly thing zombies (Depths:2)
  Snorg (D:11)
  5 deep elf death magi
  6 fire dragons
  5 yaktaur captains
  7 ice dragons
  6 naga warriors
  4 great orbs of eyes
  9 hydras
  4 rakshasas
  15 vault guards
  2 ghost crabs
  2 shambling mangroves
  3 spriggan air magi
  5 ogre magi
  12 anacondas
  3 dancing weapons
  5 centaur warriors
  4 alligators
  13 two-headed ogres
  A death yak (Vaults:4)
  9 deep troll earth magi
  11 deep troll shamans
  2 vampire magi
  2 orc high priests (Orc:2)
  2 tengu warriors (Depths:3)
  A spriggan berserker (Depths:3)
  2 shock serpents (Snake:4)
  9 naga sharpshooters
  A soul eater (Depths:2)
  A deep elf knight (Vaults:2)
  The ghost of JADarius the Fighter, a novice MiBe of Trog (Lair:1)
  A hell knight (Depths:5)
  A shadow wraith (Vaults:3)
  7 skeletal warriors
  2 storm dragon zombies (Depths:4)
  A sun demon (Depths:3)
  A spectral anaconda (Depths:2)
  7 iron trolls
  A glowing orange brain (Depths:1)
  17 deep trolls
  2 unseen horrors
  3 flayed ghosts (Depths:2)
  A death drake (Depths:2)
  3 naga ritualists
  10 swamp dragons
  A gelid demonspawn (Depths:3)
  A spectral hydra (Depths:2)
  4 deep elf archers
  7 orc knights
  A sphinx zombie (Depths:4)
  3 orange crystal statues
  3 phantasmal warriors
  8 ironbrand convokers
  4 harpies (Vaults:3)
  3 deep elf magi
  3 necromancers
  7 mana vipers
  2 wizards
  A wolf spider (Vaults:3)
  2 orc sorcerers
  2 oklob plants
  3 human zombies
  A cyclops (D:13)
  17 ugly things
  An iron dragon skeleton (Depths:4)
  6 salamanders
  16 black mambas
  An elephant (Lair:6)
  9 guardian serpents
  7 naga magi
  9 vault sentinels
  A human skeleton (Vaults:3)
  2 spriggan zombies (Depths:4)
  A centaur zombie (D:13)
  A gargoyle (D:14)
  3 spiny frogs
  2 spriggan skeletons (Depths:4)
  An orange demon (Depths:3)
  11 yaktaurs
  3 kobold demonologists
  5 freezing wraiths
  2 centaur skeletons (D:15)
  3 rime drakes (Lair:6)
  An elf zombie (Depths:4)
  3 spark wasp simulacra (Depths:4)
  A komodo dragon (Lair:6)
  An anaconda simulacrum (IceCv)
  3 ice devils (IceCv)
  A golden dragon simulacrum (IceCv)
  2 spectral merfolk (Depths:2)
  2 queen bees (shapeshifter)
  A jumping spider (shapeshifter) (D:13)
  A tengu simulacrum (Vaults:2)
  3 tyrant leeches
  A polar bear (Lair:6)
  5 trolls
  2 tengu conjurers (Depths:3)
  A merfolk (shapeshifter) (Depths:5)
  An iron dragon simulacrum (Depths:4)
  A queen bee (D:13)
  A wind drake (Lair:6)
  2 raiju (Depths:2)
  20 slime creatures
  10 hornets
  4 hippogriffs
  2 blink frogs
  2 bog bodies
  A redback (Vaults:3)
  6 spriggans
  4 shadows
  A vampire (Depths:2)
  2 water elementals (Depths:2)
  5 yaks
  An ice dragon skeleton (Depths:2)
  3 wraiths
  2 wyverns
  A yak (shapeshifter) (D:15)
  4 small abominations
  A hungry ghost (D:13)
  3 basilisks (Lair:3)
  An iron troll simulacrum (IceCv)
  A warg (shapeshifter) (Vaults:4)
  2 elf skeletons (Depths:4)
  23 nagas
  2 vampire mosquitoes (Swamp:1)
  6 wargs
  3 hydra simulacra
  8 insubstantial wisps
  4 swamp worms
  A soldier ant (D:12)
  An acid dragon (Vaults:1)
  A floating eye (Depths:2)
  A hell hound (Depths:2)
  7 water moccasins
  A spectral spriggan (Depths:2)
  27 orc warriors
  A sky beast (D:9)
  An ice beast (Vaults:4)
  6 swamp drakes
  An ettin simulacrum (IceCv)
  A phantom (D:9)
  A black bear (Lair:1)
  3 necrophages
  14 ogres
  4 boggarts
  9 wolves
  3 crocodiles
  7 bullfrogs
  A wyvern zombie (D:8)
  An ogre simulacrum (Vaults:1)
  14 killer bees
  4 spectral ogres (Depths:2)
  3 wights
  2 spectral nagas (Depths:2)
  An electric eel (Lair:3)
  2 spectral centaurs (Depths:2)
  2 crimson imps (D:13)
  A bullfrog zombie (D:12)
  A jelly (D:11)
  A quasit (D:4)
  A bullfrog skeleton (D:9)
  A human simulacrum (Vaults:1)
  9 orc priests
  3 iguanas
  12 orc wizards
  A worker ant (D:13)
  An adder (D:10)
  A naga simulacrum (Depths:2)
  An adder zombie (D:4)
  A dart slug (D:3)
  38 orcs
  A quokka (D:11)
  5 kobolds
  A bush (Lair:4)
  2 crawling corpses (Vaults:4)
  40 fungi
  45 plants
908 creatures vanquished.

Vanquished Creatures (others)
  4 profane servitors
  4 bone dragons
  A spectral tengu (Depths:5)
  8 ghouls
  8 vampire knights
  A green draconian (Depths:5)
  5 very ugly thing zombies
  A spectral dwarf (Snake:2)
  2 spectral stone giants
  A fire dragon (Depths:5)
  A yaktaur captain (Depths:5)
  An anaconda (Snake:4)
  A spectral guardian serpent (Snake:4)
  9 skeletal warriors
  5 flayed ghosts
  2 deep trolls
  A golden dragon zombie (Vaults:5)
  11 phantasmal warriors
  3 anaconda skeletons (Snake:4)
  2 wolf spider zombies (Vaults:1)
  An ugly thing zombie (Depths:3)
  A vault sentinel (Vaults:5)
  A centaur zombie (Vaults:2)
  A shock serpent skeleton (Snake:4)
  A green draconian zombie (Depths:5)
  A red draconian zombie (Depths:5)
  A redback zombie (Vaults:3)
  A death yak zombie (Vaults:4)
  A purple draconian skeleton (Depths:5)
  An iron troll zombie (Depths:1)
  5 ghoul skeletons
  A harpy zombie (Vaults:3)
  A death drake zombie (Depths:2)
  2 yaktaur skeletons (Vaults:4)
  A hydra zombie (Swamp:1)
  A harpy skeleton (Vaults:3)
  A guardian serpent zombie (Snake:4)
  4 human skeletons
  A guardian serpent skeleton (Snake:4)
  An alligator skeleton (Swamp:4)
  4 black mamba zombies
  12 deep troll zombies
  An ettin zombie (Vaults:4)
  16 flying skulls
  2 elf zombies
  2 ice dragon skeletons (Depths:5)
  2 wraiths
  6 vampires
  2 humans (Snake:3)
  4 two-headed ogre zombies
  An insubstantial wisp (Swamp:3)
  2 swamp worms
  4 spiny frog zombies
  2 elf skeletons
  An elephant zombie (Lair:6)
  2 swamp dragon zombies (Swamp:4)
  3 two-headed ogre skeletons
  3 hornet zombies (Swamp:4)
  17 human zombies
  2 ogres (Vaults:5)
  A blink frog skeleton (Lair:1)
  6 vampire mosquito zombies
  2 rime drake zombies (Lair:6)
  A salamander zombie (Snake:3)
  A hippogriff zombie (D:11)
  A rime drake skeleton (Lair:6)
  6 yaktaur zombies
  A hell hound zombie (Volcano)
  19 naga zombies
  A cyclops zombie (D:11)
  2 hippogriff skeletons
  2 water moccasin zombies
  A komodo dragon skeleton (Lair:6)
  A wyvern skeleton (D:11)
  A cyclops skeleton (Vaults:1)
  3 yak zombies
  A wight (D:9)
  A bullfrog skeleton (D:11)
  2 orc wizards (Vaults:5)
  A bog body skeleton (Swamp:1)
  7 killer bee zombies
  6 ogre zombies
  A crocodile skeleton (Lair:6)
  3 naga skeletons (Snake:4)
  4 ogre skeletons
  A necrophage skeleton (Swamp:1)
  A mummy (Lair:6)
  A howler monkey skeleton (D:10)
  2 swamp drake zombies
  2 adder skeletons (D:12)
  An orc (Vaults:5)
  4 kobold zombies
  A leopard gecko skeleton (D:4)
  17 orc skeletons
  24 orc zombies
  A quokka skeleton (D:4)
  A crawling corpse (Vaults:5)
  6 fungi
  25 plants
  5 spectral weapons
354 creatures vanquished.

Grand Total: 2331 creatures vanquished

Notes
Turn   | Place    | Note
-------+----------+-------------------------------------------
     0 | D:1      | Goreval the Merfolk Gladiator began the quest for the Orb.
     0 | D:1      | Reached XP level 1. HP: 16/16 MP: 1/1
   156 | D:1      | Reached XP level 2. HP: 23/23 MP: 2/2
   161 | D:1      | Reached skill level 5 in Polearms
   501 | D:1      | Reached XP level 3. HP: 26/28 MP: 3/3
  1018 | D:2      | Reached skill level 6 in Polearms
  1121 | D:2      | Reached XP level 4. HP: 35/35 MP: 4/4
  1859 | D:2      | Reached skill level 7 in Polearms
  2114 | D:3      | Reached XP level 5. HP: 41/41 MP: 5/5
  2208 | D:4      | Found a staircase to the Ecumenical Temple.
  2217 | Temple   | Entered the Ecumenical Temple
  2256 | Temple   | Became a worshipper of Yredelemnul the Dark
  2358 | D:4      | Found a sand-covered staircase.
  2365 | Ossuary  | Entered an ossuary
  2394 | Ossuary  | Reached skill level 8 in Polearms
  2394 | Ossuary  | Reached XP level 6. HP: 25/48 MP: 6/6
  2437 | Ossuary  | Reached skill level 9 in Polearms
  2736 | Ossuary  | Reached XP level 7. HP: 51/55 MP: 7/7
  2763 | Ossuary  | Reached skill level 5 in Fighting
  2822 | Ossuary  | Reached skill level 10 in Polearms
  3048 | Ossuary  | Reached skill level 11 in Polearms
  3048 | Ossuary  | Reached XP level 8. HP: 27/64 MP: 8/8
  3586 | D:3      | Reached * piety under Yredelemnul
  4307 | D:5      | Entered Level 5 of the Dungeon
  4360 | D:4      | Found a runed translucent gate.
  4360 | D:4      | Found a runed translucent gate.
  4360 | D:4      | Found a runed translucent gate.
  4491 | D:4      | Reached skill level 1 in Shields
  4693 | D:4      | Noticed an12's ghost (amateur MfSk)
  5347 | D:5      | Found Fiositej's Weapon Shoppe.
  5367 | D:5      | Found Xaewos's Book Shop.
  5435 | D:5      | Found Myng's Distillery.
  5440 | D:5      | Bought a potion of mutation for 104 gold pieces
  5440 | D:5      | Gained mutation: Your body sometimes deteriorates upon
                  | taking damage. [potion of mutation]
  5440 | D:5      | Gained mutation: Your muscles are strong. (Str +2) [potion
                  | of mutation]
  5440 | D:5      | Gained mutation: Your muscles are very strong. (Str +4)
                  | [potion of mutation]
  5440 | D:5      | Gained mutation: Your flesh is cold resistant. (rC+)
                  | [potion of mutation]
  5441 | D:5      | Bought a potion of mutation for 104 gold pieces
  5441 | D:5      | Lost mutation: Your body sometimes deteriorates upon taking
                  | damage. [potion of mutation]
  5441 | D:5      | Lost mutation: Your muscles are very strong. (Str +4)
                  | [potion of mutation]
  5441 | D:5      | Gained mutation: You tend to lose your temper in combat.
                  | [potion of mutation]
  5441 | D:5      | Gained mutation: You have a pair of small horns on your
                  | head. [potion of mutation]
  5441 | D:5      | Gained mutation: You are surrounded by a mild repulsion
                  | field. (EV +2) [potion of mutation]
  5556 | D:6      | Reached skill level 12 in Polearms
  5605 | D:6      | Noticed Edmund
  5624 | D:6      | Killed Edmund
  5686 | D:6      | Reached ** piety under Yredelemnul
  5686 | D:6      | Reached XP level 9. HP: 53/71 MP: 9/9
  5699 | D:6      | Got a fine scale mail
  5711 | D:6      | Identified the cursed +1 scale mail of Hedonism {rF++} (You
                  | found it on level 6 of the Dungeon)
  5769 | D:6      | Reached skill level 5 in Dodging
  6965 | D:7      | Reached skill level 13 in Polearms
  6992 | D:7      | Reached skill level 1 in Invocations
  7064 | D:8      | Found a shimmering blue altar of Sif Muna.
  7077 | D:7      | Found a sacrificial altar of Ru.
  7077 | D:7      | Noticed an oklob plant
  7376 | D:7      | Reached skill level 1 in Armour
  7387 | D:7      | Reached *** piety under Yredelemnul
  7399 | D:7      | Noticed Menkaure
  7411 | D:7      | Killed Menkaure
  7683 | D:7      | Found a runed translucent door.
  7684 | D:7      | Noticed Crazy Yiuf
  7694 | D:7      | Killed Crazy Yiuf
  7886 | D:8      | Noticed a skeletal warrior
  7886 | D:8      | Noticed a troll
  7887 | D:8      | Noticed a troll
  7951 | D:8      | Reached XP level 10. HP: 80/80 MP: 9/12
  8032 | D:8      | Reached skill level 14 in Polearms
  8460 | D:8      | Learned a level 1 spell: Infusion
  8514 | D:8      | Found a glowing golden altar of the Shining One.
  8639 | D:8      | Reached skill level 1 in Charms
  8812 | D:8      | Received a gift from Yredelemnul (a wight)
  9310 | D:10     | Entered Level 10 of the Dungeon
  9354 | D:9      | Reached skill level 1 in Spellcasting
  9379 | D:9      | Reached **** piety under Yredelemnul
  9388 | D:9      | Received a gift from Yredelemnul (a mummy)
  9408 | D:9      | Noticed a two-headed ogre
  9420 | D:9      | Killed a two-headed ogre
  9853 | D:10     | Found a blossoming altar of Fedhas.
 10009 | D:10     | Learned a level 2 spell: Shroud of Golubria
 10013 | D:10     | Learned a level 3 spell: Regeneration
 10016 | D:10     | Learned a level 2 spell: Song of Slaying
 10020 | D:10     | Learned a level 3 spell: Spectral Weapon
 10038 | D:10     | Reached XP level 11. HP: 83/87 MP: 11/14
 10052 | D:10     | Reached skill level 15 in Polearms
 10302 | D:10     | Received a gift from Yredelemnul (2 flying skulls)
 10482 | D:10     | Found a staircase to the Orcish Mines.
 10519 | D:10     | Received a gift from Yredelemnul (2 flying skulls)
 10571 | Orc:1    | Entered Level 1 of the Orcish Mines
 10776 | D:10     | Received a gift from Yredelemnul (3 flying skulls)
 10793 | D:10     | Reached skill level 5 in Charms
 11095 | D:10     | Reached skill level 5 in Invocations
 11230 | D:11     | Noticed Fannar
 11302 | D:11     | Killed Fannar
 11395 | D:11     | Noticed Urug
 11411 | D:11     | Killed Urug
 11445 | D:11     | Noticed a cyclops
 11461 | D:11     | Killed a cyclops
 11464 | D:11     | Noticed Snorg
 11491 | D:11     | Killed Snorg
 11494 | D:11     | Your ally Fannar died
 11499 | D:11     | Reached ***** piety under Yredelemnul
 11500 | D:11     | Found Iciloadas's Jewellery Shop.
 11639 | D:11     | Noticed a two-headed ogre
 11656 | D:11     | Killed a two-headed ogre
 11656 | D:11     | Reached skill level 16 in Polearms
 11826 | D:11     | Found a staircase to the Lair.
 11835 | Lair:1   | Entered Level 1 of the Lair of Beasts
 11835 | Lair:1   | Found a transporter.
 11876 | D:11     | Got a twisted morningstar
 12040 | Lair:1   | Reached XP level 12. HP: 95/95 MP: 15/17
 12053 | Lair:1   | Received a gift from Yredelemnul (2 flying skulls)
 12465 | Lair:1   | Found a transporter.
 12466 | Lair:1   | Noticed JADarius's ghost (novice MiBe)
 12582 | Lair:2   | Found a staircase to the Snake Pit.
 12817 | Lair:2   | Received a gift from Yredelemnul (a phantasmal warrior)
 12867 | Lair:2   | Found the +8 whip "Snakebite" {curare, rPois}
 13533 | Lair:3   | Found a staircase to the Swamp.
 13962 | Lair:3   | Identified a scroll of acquirement
 13963 | Lair:3   | Got a crude buckler
 13974 | Lair:3   | Identified the +3 buckler "Nouthrus" {Int+9} (You acquired
                  | it on level 3 of the Lair of Beasts)
 14389 | Lair:5   | Received a gift from Yredelemnul (5 flying skulls)
 14399 | Lair:5   | Reached skill level 17 in Polearms
 14430 | Lair:5   | Noticed a four-headed hydra
 14437 | Lair:5   | Killed a four-headed hydra
 14437 | Lair:5   | Reached skill level 10 in Fighting
 14437 | Lair:5   | Reached skill level 10 in Dodging
 14442 | Lair:5   | Received a gift from Yredelemnul (2 flying skulls)
 14640 | Lair:5   | Found a dark tunnel.
 14665 | Volcano  | Entered a volcano
 14747 | Volcano  | Reached skill level 5 in Spellcasting
 14801 | Volcano  | Noticed a hell hog
 14811 | Volcano  | Killed a hell hog
 14811 | Volcano  | Reached XP level 13. HP: 103/103 MP: 20/20
 15346 | Lair:5   | Found a viscous altar of Jiyva.
 15346 | Lair:5   | Found a staircase to the Slime Pits.
 15522 | Lair:6   | Entered Level 6 of the Lair of Beasts
 15599 | Lair:6   | Received a gift from Yredelemnul (a wraith)
 15730 | Lair:6   | Reached skill level 18 in Polearms
 16281 | Lair:6   | Reached ****** piety under Yredelemnul
 16644 | Lair:6   | Got a vibrating silver amulet
 16650 | Lair:6   | Identified the amulet of Siowauh {rN+ MR+ Regen+ Dex+2}
                  | (You found it on level 6 of the Lair of Beasts)
 16696 | Lair:6   | Reached skill level 19 in Polearms
 16696 | Lair:6   | Received a gift from Yredelemnul (a phantasmal warrior)
 17019 | Orc:1    | Reached XP level 14. HP: 98/113 MP: 21/21
 17071 | Orc:1    | Found a transporter.
 17084 | Orc:1    | Found a transporter.
 17087 | Orc:1    | Found a bloodstained altar of Trog.
 17088 | Orc:1    | Noticed Harold
 17098 | Orc:1    | Killed Harold
 17156 | Orc:1    | Noticed Girphej's ghost (journeyman KoFi)
 17172 | Orc:1    | Identified the +3 war axe "Gezair" {venom, rElec rC+ rN+
                  | Int-4}
 17317 | Orc:2    | Entered Level 2 of the Orcish Mines
 17393 | Orc:2    | Found a staircase to the Elven Halls.
 17499 | Orc:2    | Found a roughly hewn altar of Beogh.
 17870 | Orc:2    | Received a gift from Yredelemnul (a wraith)
 17907 | Orc:2    | Found Yggaonn's Weapon Emporium.
 17907 | Orc:2    | Found Othuolo's Assorted Antiques.
 17907 | Orc:2    | Found Hegonk's Magic Scroll Shoppe.
 17911 | Orc:2    | Found Plog's Assorted Antiques.
 17916 | Orc:2    | Bought a scroll of enchant armour for 105 gold pieces
 17916 | Orc:2    | Bought a scroll of blinking for 105 gold pieces
 17916 | Orc:2    | Bought a scroll of magic mapping for 49 gold pieces
 17918 | Orc:2    | Bought a scroll of enchant armour for 217 gold pieces
 17918 | Orc:2    | Bought a scroll labeled DUOTETUHET for 29 gold pieces
 17918 | Orc:2    | Bought a scroll labeled DUNUMI TELEFA for 29 gold pieces
 18446 | D:12     | Noticed a fire giant
 18463 | D:12     | Killed a fire giant
 19630 | D:13     | Noticed Frances
 19654 | D:13     | Killed Frances
 19654 | D:13     | Received a gift from Yredelemnul (a phantasmal warrior)
 19686 | D:13     | Got a transparent spear
 19687 | D:13     | Identified the +6 spear of the Spectre {pierce, +Inv rF-
                  | Int+8} (You found it on level 13 of the Dungeon)
 19949 | D:13     | Found Tauny's Magic Scroll Boutique.
 19956 | D:13     | Bought a scroll of enchant armour for 120 gold pieces
 19956 | D:13     | Bought 3 scrolls of teleportation for 144 gold pieces
 20111 | D:14     | Reached skill level 20 in Polearms
 20221 | D:14     | Received a gift from Yredelemnul (a vampire knight)
 20416 | D:14     | Found a gate to the Vaults.
 20553 | D:14     | Reached skill level 10 in Invocations
 20760 | D:14     | Noticed Roxanne
 20920 | D:15     | Entered Level 15 of the Dungeon
 20973 | D:15     | Received a gift from Yredelemnul (a phantasmal warrior)
 21042 | D:15     | Found a staircase to the Depths.
 21244 | D:15     | Reached XP level 15. HP: 101/120 MP: 13/22
 21244 | D:15     | Received a gift from Yredelemnul (a ghoul)
 22069 | Swamp:1  | Entered Level 1 of the Swamp
 22302 | Swamp:1  | Reached skill level 21 in Polearms
 22741 | Swamp:1  | You fall into a shaft and drop 1 floor!
 23269 | Swamp:2  | Received a gift from Yredelemnul (a bone dragon)
 23423 | Swamp:2  | Found a frozen archway.
 23450 | IceCv    | Entered an ice cave
 23671 | IceCv    | Received a gift from Yredelemnul (a bone dragon)
 23848 | IceCv    | Reached skill level 1 in Translocations
 23848 | IceCv    | Received a gift from Yredelemnul (a ghoul)
 24484 | Swamp:2  | Received a gift from Yredelemnul (a skeletal warrior)
 25038 | Swamp:3  | Identified the +8 shortbow "Grum" {flame, rC+}
 25060 | Swamp:3  | Received a gift from Yredelemnul (a phantasmal warrior)
 25123 | Swamp:3  | Reached XP level 16. HP: 114/129 MP: 24/24
 25141 | Swamp:3  | Received a gift from Yredelemnul (a skeletal warrior)
 25167 | Swamp:3  | Noticed Jorgrun
 25181 | Swamp:3  | Killed Jorgrun
 25181 | Swamp:3  | Enslaved Jorgrun
 25600 | Swamp:4  | Entered Level 4 of the Swamp
 25883 | Swamp:4  | Received a gift from Yredelemnul (a bone dragon)
 25953 | Swamp:4  | Noticed a thorn hunter
 25971 | Swamp:4  | Killed a thorn hunter
 26004 | Swamp:4  | Noticed the 27-headed Lernaean hydra
 26013 | Swamp:4  | Killed the 27-headed Lernaean hydra
 26234 | Swamp:4  | Reached skill level 22 in Polearms
 26291 | Swamp:4  | Got a decaying rune of Zot
 26885 | Snake:1  | Entered Level 1 of the Snake Pit
 26899 | Snake:1  | Received a gift from Yredelemnul (a skeletal warrior)
 26920 | Snake:1  | You fall into a shaft and drop 1 floor!
 26923 | Snake:2  | Found Bynnipp's Gadget Shoppe.
 27001 | Snake:2  | Found Koapog's Weapon Emporium.
 27175 | Snake:2  | Found Riutt's General Store.
 27226 | Snake:2  | Found a white marble altar of Elyvilon.
 28130 | Snake:1  | Reached skill level 10 in Charms
 28654 | Snake:2  | Noticed Saint Roka
 28666 | Snake:2  | Received a gift from Yredelemnul (a skeletal warrior)
 28672 | Snake:2  | Your ally Jorgrun died
 28687 | Snake:2  | Killed Saint Roka
 29186 | Snake:2  | Found Rofru's Jewellery Boutique.
 29186 | Snake:2  | Found Wunkyukk's Gadget Emporium.
 29187 | Snake:2  | Found Qeiriaczi's Gadget Emporium.
 29212 | Snake:2  | Bought the ring "Dyiza" {rElec rF+ Str+3 Int+6 Stlth-} for
                  | 678 gold pieces
 29383 | Snake:2  | Found Vihaewn's Assorted Antiques.
 29391 | Snake:2  | Bought a scroll of fog for 82 gold pieces
 29391 | Snake:2  | Bought a potion of heal wounds for 205 gold pieces
 29391 | Snake:2  | Bought a potion of curing for 123 gold pieces
 29391 | Snake:2  | Bought a scroll of enchant armour for 307 gold pieces
 29391 | Snake:2  | Bought a scroll of teleportation for 123 gold pieces
 29603 | Snake:3  | Noticed a nagaraja
 29621 | Snake:3  | Killed a nagaraja
 29621 | Snake:3  | Reached XP level 17. HP: 127/137 MP: 24/27
 29634 | Snake:3  | Received a gift from Yredelemnul (a vampire knight)
 29660 | Snake:3  | Reached skill level 1 in Evocations
 29865 | Snake:3  | Noticed Aizul
 29885 | Snake:3  | Killed Aizul
 29885 | Snake:3  | Enslaved Aizul
 29923 | Snake:3  | Received a gift from Yredelemnul (a vampire)
 29986 | Snake:3  | Noticed Kirke
 30005 | Snake:3  | Killed Kirke
 30268 | Snake:4  | Entered Level 4 of the Snake Pit
 30432 | Snake:4  | Noticed Agnes
 30443 | Snake:4  | Killed Agnes
 30443 | Snake:4  | Reached skill level 15 in Dodging
 30572 | Snake:4  | Noticed Nikola
 30585 | Snake:4  | Killed Nikola
 30624 | Snake:4  | Reached skill level 23 in Polearms
 30690 | Snake:4  | Noticed Vashnia
 30720 | Snake:4  | Your ally Aizul died
 30737 | Snake:4  | Killed Vashnia
 30908 | Snake:4  | Received a gift from Yredelemnul (a ghoul)
 31164 | Snake:4  | Received a gift from Yredelemnul (a profane servitor)
 31572 | Snake:4  | Reached XP level 18. HP: 53/146 MP: 24/28
 31976 | Snake:4  | Got a serpentine rune of Zot
 32197 | Lair:1   | Killed JADarius's ghost
 32198 | Lair:1   | Received a gift from Yredelemnul (a vampire knight)
 32910 | D:11     | Bought an uncursed ring of resist corrosion for 320 gold
                  | pieces
 33921 | Orc:1    | Identified the +9 scimitar "Hohoch" {elec, rN+++}
 33958 | Orc:1    | Received a gift from Yredelemnul (a skeletal warrior)
 33971 | Orc:1    | Killed Girphej's ghost
 34245 | Orc:1    | Got a spiked ring mail
 34256 | Orc:1    | Identified the cursed +0 ring mail of the Lute {MR- MP-9
                  | Str+5 Dex+4} (You found it on level 1 of the Orcish Mines)
 34476 | Vaults:1 | Entered Level 1 of the Vaults
 34847 | Vaults:1 | Reached skill level 5 in Evocations
 35010 | Vaults:1 | Received a gift from Yredelemnul (a vampire knight)
 35012 | Vaults:1 | Reached skill level 24 in Polearms
 35473 | Vaults:1 | Found Ytadoiru's Antique Weapon Shop.
 35531 | Vaults:1 | Received a gift from Yredelemnul (a phantasmal warrior)
 36111 | Vaults:1 | Received a gift from Yredelemnul (a flayed ghost)
 36129 | Vaults:1 | Learned a level 6 spell: Deflect Missiles
 36326 | Vaults:1 | Received a gift from Yredelemnul (a vampire)
 36631 | Vaults:2 | Reached skill level 1 in Necromancy
 36836 | Vaults:2 | Received a gift from Yredelemnul (a ghoul)
 37040 | Vaults:2 | Received a gift from Yredelemnul (a vampire)
 37046 | Vaults:2 | Reached XP level 19. HP: 143/154 MP: 17/29
 37058 | Vaults:2 | Received a gift from Yredelemnul (a phantasmal warrior)
 37411 | Vaults:2 | Received a gift from Yredelemnul (a skeletal warrior)
 37589 | Vaults:2 | You fall into a shaft and drop 1 floor!
 37590 | Vaults:3 | Found a portal to a secret trove of treasure.
 37631 | Vaults:3 | Received a gift from Yredelemnul (a phantasmal warrior)
 37990 | Vaults:3 | Reached skill level 15 in Fighting
 38154 | Vaults:3 | Received a gift from Yredelemnul (a vampire knight)
 38404 | Vaults:3 | Received a gift from Yredelemnul (a vampire)
 38547 | Vaults:3 | Found Jeomeg's Jewellery Emporium.
 38634 | Vaults:3 | Found a staircase to the Crypt.
 38634 | Vaults:3 | Found an ancient bone altar of Kikubaaqudgha.
 38635 | Vaults:3 | Found a basalt altar of Yredelemnul.
 38913 | Vaults:3 | Received a gift from Yredelemnul (a ghoul)
 39436 | Vaults:4 | Noticed Boris
 39447 | Vaults:4 | Killed Boris
 39447 | Vaults:4 | Reached skill level 25 in Polearms
 39519 | Vaults:4 | Received a gift from Yredelemnul (a vampire knight)
 39643 | Vaults:4 | Got a smoking scale mail
 39656 | Vaults:4 | Identified the +3 scale mail of the Stag {rN+ rCorr Str+4
                  | Dex-4} (You found it on level 4 of the Vaults)
 40118 | Vaults:4 | Reached skill level 15 in Invocations
 40129 | Vaults:4 | Received a gift from Yredelemnul (a vampire knight)
 41094 | Vaults:4 | Received a gift from Yredelemnul (a profane servitor)
 41211 | Vaults:5 | Entered Level 5 of the Vaults
 41431 | Depths:1 | Entered Level 1 of the Depths
 42009 | Depths:1 | Reached XP level 20. HP: 163/163 MP: 31/31
 42019 | Depths:1 | Received a gift from Yredelemnul (a flayed ghost)
 42024 | Depths:1 | Got a transparent bronze ring
 42039 | Depths:1 | Identified the ring of Ciastrilu {rPois rC- rN+ MR+ Str+4}
                  | (You found it on level 1 of the Depths)
 42362 | Depths:1 | Found a gateway to Hell.
 42449 | Depths:1 | Found Kusheam's Gadget Emporium.
 42452 | Depths:1 | Found Cerufuys's Book Shoppe.
 42644 | Depths:1 | Received a gift from Yredelemnul (a phantasmal warrior)
 42686 | Depths:2 | Received a gift from Yredelemnul (a phantasmal warrior)
 42862 | Depths:2 | Received a gift from Yredelemnul (a ghoul)
 43100 | Depths:2 | Received a gift from Yredelemnul (a skeletal warrior)
 43486 | Depths:2 | You fall into a shaft and drop 1 floor!
 43669 | Depths:3 | Reached skill level 26 in Polearms
 44039 | Depths:2 | Noticed an ancient lich
 44049 | Depths:2 | Killed an ancient lich
 44317 | Depths:2 | Noticed Sojobo
 44328 | Depths:2 | Received a gift from Yredelemnul (a profane servitor)
 44339 | Depths:2 | Killed Sojobo
 44339 | Depths:2 | Enslaved Sojobo
 44403 | Depths:2 | Paralysed by a floating eye for 2 turns
 44433 | Depths:2 | Reached skill level 5 in Armour
 44433 | Depths:2 | Reached XP level 21. HP: 170/170 MP: 28/32
 44470 | Depths:2 | Got a brightly glowing scale mail
 44480 | Depths:2 | Identified the +2 scale mail of Card Tricks {+Blink Regen+
                  | MP-9} (You found it on level 2 of the Depths)
 44586 | Depths:2 | Learned a level 1 spell: Apportation
 44589 | Depths:2 | Reached XP level 22. HP: 177/177 MP: 33/33
 44598 | Depths:2 | Received a gift from Yredelemnul (a bone dragon)
 44672 | Depths:2 | Found a gateway to a ziggurat.
 45154 | Depths:3 | Found a shimmering altar of Xom.
 45399 | Depths:3 | Found a one-way gate leading to the halls of Pandemonium.
 46000 | Depths:4 | Received a gift from Yredelemnul (a skeletal warrior)
 46089 | Depths:4 | Received a gift from Yredelemnul (a skeletal warrior)
 46111 | Depths:4 | Reached XP level 23. HP: 177/184 MP: 34/34
 46292 | Depths:4 | Received a gift from Yredelemnul (a flayed ghost)
 46435 | Depths:4 | Found a one-way gate to the infinite horrors of the Abyss.
 46608 | Depths:4 | Found an ancient bone altar of Kikubaaqudgha.
 46789 | Depths:4 | Received a gift from Yredelemnul (a phantasmal warrior)
 47036 | Depths:4 | Received a gift from Yredelemnul (a ghoul)
 47527 | Depths:4 | Received a gift from Yredelemnul (a vampire)
 47783 | Depths:5 | Entered Level 5 of the Depths
 47823 | Depths:5 | Identified Wiheogu's Reference Book on Burning
                  | Transformation
 47958 | Depths:5 | Your ally Sojobo died
 47962 | Depths:5 | Received a gift from Yredelemnul (a ghoul)
 47967 | Depths:5 | Noticed a golden dragon
 48186 | Depths:5 | Found a runed translucent gate.
 48187 | Depths:5 | Found a runed translucent gate.
 48188 | Depths:5 | Found a runed translucent gate.
 48965 | Depths:5 | Found a runed translucent door.
 48969 | Depths:5 | Found a runed translucent door.
 48979 | Depths:5 | Reached skill level 15 in Charms
 49004 | Depths:5 | Found a runed translucent door.
 49056 | Depths:5 | Found a runed translucent door.
 49128 | Depths:5 | Received a gift from Yredelemnul (a flayed ghost)
 49206 | Depths:5 | Found a runed translucent door.
 49230 | Depths:5 | Found a runed translucent door.
 49255 | Depths:5 | Found a gate to the Realm of Zot.
 49436 | Depths:5 | Killed a golden dragon
 49491 | Depths:5 | Found Jegaxkag's Distillery.
 49499 | Depths:5 | Bought a potion of heal wounds for 100 gold pieces
 49499 | Depths:5 | Bought a potion of heal wounds for 100 gold pieces
 49499 | Depths:5 | Bought 2 potions of might for 160 gold pieces
 49860 | Vaults:4 | Reached skill level 27 in Polearms
 49900 | Vaults:4 | Received a gift from Yredelemnul (a vampire knight)
 50098 | Vaults:4 | Received a gift from Yredelemnul (a profane servitor)
 50522 | Vaults:4 | Received a gift from Yredelemnul (a flayed ghost)
 50534 | Vaults:4 | Reached XP level 24. HP: 193/193 MP: 32/35
 50600 | Vaults:5 | Identified the +8 arbalest of Invincibility {speed, +Inv
                  | Str+3}
 50606 | Vaults:5 | Noticed an ancient lich
 50662 | Vaults:5 | Received a gift from Yredelemnul (a vampire)
 50669 | Vaults:5 | Killed an ancient lich
 50761 | Vaults:5 | Identified the +3 scale mail of Hospitality {rCorr}
 50845 | Vaults:4 | Received a gift from Yredelemnul (a ghoul)
 50919 | Vaults:5 | Noticed Boris
 50945 | Vaults:5 | Noticed an ancient lich
 50961 | Vaults:4 | Killed an ancient lich
 50976 | Vaults:4 | Killed from afar by Boris

Levels and vault maps discovered:
D:1:      scummos_arrival_hexagon, layout_basic, minmay_misc_feat_tower,
          minmay_3d_cube
D:2:      layout_loops_ring, serial_forest, infiniplex_forest_lined_2,
          infiniplex_forest_join, infiniplex_forest_straight_2,
          infiniplex_forest_clump_long, infiniplex_forest_lined_room_2,
          infiniplex_forest_zigzag_2, infiniplex_forest_clump_diagonal,
          infiniplex_forest_straight_3, minmay_mini_jars
D:3:      layout_loops_corners
D:4:      layout_gridville, minmay_temple_entry_trees, enter_ossuary_4,
          first_ration, gammafunk_ghost_icy
D:5:      layout_rooms, serial_shops, kennysheep_mini, kennysheep_little_box,
          shop
D:6:      layout_basic, uniq_edmund
D:7:      layout_basic, lemuel_oklob_altar, uniq_menkaure,
          uniq_crazy_yiuf_cottage
D:8:      layout_rooms, nicolae_tso_carved_into_rock, basic_altar, minivault_12
D:9:      layout_cave_pools
D:10:     layout_stronghold, hiddenorc2_lemuel, basic_altar
D:11:     layout_rooms, lair_entry_dummy, serial_shops, shop, uniq_urug,
          uniq_snorg, uniq_fannar
D:12:     minmay_outward_triangles, layout_irregular_city
D:13:     layout_gridville, serial_shops, nicolae_shop_trees, special_room
          [special_room_bee], uniq_frances
D:14:     layout_long_grid, erik_vaults_1, kennysheep_pointless_box,
          uniq_roxanne
D:15:     grunt_enter_depths_hoard, layout_cave_pools,
          hangedman_abyss_or_decor_slice
Temple:   minmay_crystal_snake_temple
Lair:1:   layout_cave_shapes, gammafunk_ghost_arena, grunt_megastairs_1
Lair:2:   minmay_guarded_unrand_snakebite, layout_regular_city,
          guppyfry_snake_entry_garden, lemuel_fruit_tree
Lair:3:   layout_roguey, minmay_swamp_entry_eels, kennysheep_basilisk_garden
Lair:4:   layout_layer_cave, dpeg_oklob_1, serial_bayou_shore_a
Lair:5:   layout_regular_city, dpeg_slime_entry_enclosed_altar, enter_volcano_1
Lair:6:   gammafunk_lair_ancient_temple, layout_regular_city,
          infiniplex_staircase_pool_2, minmay_lair_oklob_chamber
Swamp:1:  layout_basic_swamp, evilmike_swamp_ruin_house_1, swamp_pool1,
          roderic_carrion_pond
Swamp:2:  layout_basic_swamp, portal_ice_cave_entry_pillars_1,
          infiniplex_staircase_pool
Swamp:3:  layout_basic_swamp, evilmike_swamp_ruin_rubble_1, swamp_pool1,
          uniq_jorgrun
Swamp:4:  swamp_old_school, layout_basic_swamp
Snake:1:  layout_concentric_octagons
Snake:2:  layout_cave_pods, serial_shops, shop_coins, shop, shop_fountains,
          nicolae_shop_crystal, basic_altar, nrook_guardian_serpent_ordinary,
          minmay_shop_grove, grunt_megastairs_4, uniq_saint_roka
Snake:3:  layout_rooms, uniq_kirke, uniq_aizul
Snake:4:  grunt_snake_rune_serpentine_throne, layout_misc_corridors,
          uniq_vashnia, uniq_agnes, uniq_nikola
Orc:1:    layout_caves, gammafunk_ghost_wrathful_warriors, uniq_harold
Orc:2:    st_orc_mages, layout_caves, basic_altar
Vaults:1: v_misc_31, nicolae_vaults_little_squares_6, v_pattern_3,
          vaults_mumra_hex, nicolae_vaults_yaktaur_gun_rack,
          vaults_mumra_minichess, nicolae_vaults_what_the_h, vaults_dpeg_ring,
          vaults_room_door_ring, vaults_dpeg_hooks, layout_vaults_omnigrid,
          serial_shops, shop
Vaults:2: v_misc_12, hangedman_vaults_capsules, vaults_room_ringed_pool,
          hangedman_vaults_maws, ontoclasm_vaults_loading_screen,
          nicolae_vaults_network_s, special_room_vaults [special_room_orc],
          nicolae_vaults_circle_grid_a, layout_vaults_big_room
Vaults:3: minmay_crypt_entry_necro_gods, v_rooms_6, v_misc_23,
          hangedman_vaults_locks, hangedman_vaults_snaps,
          ontoclasm_vaults_decontamination, v_misc_4,
          nicolae_vaults_big_angled_halls, v_alt_pattern_3, vaults_room_pools,
          ontoclasm_vaults_ring_large, nicolae_vaults_little_squares_4,
          layout_vaults_ring, nicolae_trove_entry_columns, serial_shops, shop
Vaults:4: v_misc_12, v_misc_16, vaults_room_pools, hangedman_vaults_corner,
          ontoclasm_vaults_gallery, v_rooms_3, serial_ice_b,
          vaults_room_large_hall, vaults_dpeg_encased_lava, v_misc_30,
          layout_vaults_maze_bifur, uniq_boris
Vaults:5
Depths:1: layout_basic, pf_coc_iceberg, minmay_tree_intersection, laboratory,
          minmay_shoptagon
Depths:2: lemuel_river_lethe, hell_entry, uniq_sojobo
Depths:3: due_chaos_kobolds, layout_basic, rand_demon_pan_entry_7, hell_entry,
          skrybe_limestone_x, infiniplex_staircase_pillars_1,
          serial_bayou_shore_b
Depths:4: evilmike_negative_zone, layout_cave_pools,
          hangedman_abyss_entry_splay, hell_entry,
          minmay_staircase_windowed_large
Depths:5: evilmike_zot_entry_castle, layout_basic, serial_bayou_pond_c,
          hell_entry, serial_shops, shop, st_stairs_4, pandoras_box_mu,
          serial_bayou_shore_b, serial_bayou_shore_b

Skill      XL: |  1  2  3  4  5  6  7  8  9 10 11 12 13 14 15 16 17 18 19 20 21 22 23 24 |
---------------+-------------------------------------------------------------------------+-----
Polearms       | 5 6 7 8 9 11 12 13 14 16 17 19 20 21 22 23 24 25 26 27 | 27.0
Fighting       | 3 4 5 6 7 8 9 10 11 12 13 14 15 16 17 | 17.1
Shields        | 3 4 |  4.0
Dodging        | 6 7 9 10 11 12 13 14 15 16 17 18 19 | 19.1
Invocations    | 2 4 5 7 8 10 11 13 14 15 16 17 | 17.0
Armour         | 1 2 4 5 6 |  6.0
Charms         | 4 6 8 9 10 11 12 13 14 15 16 | 16.6
Spellcasting   | 2 3 5 6 7 8 |  8.0
Translocations | 2 4 |  4.6
Evocations     | 4 6 |  6.0
Necromancy     | 1 4 |  4.0
Throwing       | |  2.0

Action                   |  1- 3 |  4- 6 |  7- 9 | 10-12 | 13-15 | 16-18 | 19-21 | 22-24 || total
-------------------------+-------+-------+-------+-------+-------+-------+-------+-------++-------
Melee: Trident           |   115 |   210 |   536 |   110 |       |       |  1021 |   820 ||  2812
       Headbutt          |       |       |    36 |   116 |   391 |   307 |   265 |   273 ||  1388
       Spear             |       |       |       |   669 |  1612 |  1437 |    15 |       ||  3733
       Tailslap          |       |       |       |       |    52 |    14 |     6 |     3 ||    75
Throw: Stone             |     3 |     5 |    26 |    12 |       |       |       |       ||    46
       Boomerang         |       |       |       |    25 |     9 |     6 |       |       ||    40
       Throwing net      |       |       |       |       |       |       |     1 |       ||     1
 Cast: Infusion          |       |       |       |     7 |    10 |    20 |    15 |    14 ||    66
       Song of Slaying   |       |       |       |     1 |       |     1 |       |       ||     2
       Spectral Weapon   |       |       |       |       |     7 |    16 |     2 |     3 ||    28
       Regeneration      |       |       |       |       |     3 |    22 |     4 |    12 ||    41
       Shroud of Golubri |       |       |       |       |     2 |     4 |       |    10 ||    16
       Deflect Missiles  |       |       |       |       |       |       |       |     3 ||     3
Invok: Animate Remains   |       |       |    14 |       |       |       |       |       ||    14
       Animate Dead      |       |       |     5 |    30 |    44 |    46 |    28 |    36 ||   189
       Recall Undead Sla |       |       |       |     2 |    10 |    11 |     5 |     6 ||    34
       Stop Recall       |       |       |       |       |     2 |     1 |       |       ||     3
       Drain Life        |       |       |       |       |     1 |       |       |     3 ||     4
       Enslave Soul      |       |       |       |       |       |     4 |     6 |       ||    10
 Abil: Evoke Invisibilit |       |       |       |       |     1 |       |       |       ||     1
  Use: Scroll            |       |       |    11 |    15 |     8 |     8 |     7 |     6 ||    55
       Potion            |       |       |     2 |     2 |     3 |     4 |     3 |    18 ||    32
 Stab: Sleeping          |     4 |     7 |     6 |     1 |     2 |       |       |       ||    20
       Distracted        |       |       |       |     3 |    24 |    26 |    21 |    28 ||   102
       Petrifying        |       |       |       |       |       |     4 |       |       ||     4
       Petrified         |       |       |       |       |       |     3 |       |       ||     3
       Paralysed         |       |       |       |       |       |     2 |    13 |       ||    15
  Eat: Chunk             |     1 |     5 |    20 |    29 |    31 |    35 |    31 |    23 ||   175
       Ration            |       |       |     1 |     2 |     6 |    10 |     3 |     4 ||    26
Armor: Leather armour    |    10 |    44 |    50 |       |       |       |       |       ||   104
       Ring mail         |     5 |       |       |       |       |       |       |       ||     5
       Scale mail        |       |       |    31 |    35 |    55 |    36 |    94 |   189 ||   440
       Troll leather arm |       |       |       |    23 |    24 |       |       |       ||    47
       Ice dragon scales |       |       |       |       |    63 |    32 |       |       ||    95
       Swamp dragon scal |       |       |       |       |       |    80 |       |       ||    80
Dodge: Dodged            |    39 |    76 |   182 |   218 |   537 |   593 |   450 |   622 ||  2717
       Deflected         |       |       |       |       |       |       |       |    13 ||    13
Block: Buckler           |       |       |    46 |   126 |   340 |   316 |   188 |   267 ||  1283
       Reflection        |       |       |       |     5 |     5 |       |       |       ||    10

Table legend:
 A = Non-vault XP
 B = Vault XP
 C = Vault XP percentage of total XP
 D = Non-vault monster count
 E = Vault monster count
 F = Vault count percentage of total count
                 A         B        C        D         E       F
            +---------+---------+-------+---------+---------+-------
      Total |  325676 |  356310 |  52.2 |    1120 |     771 |  40.8
            +---------+---------+-------+---------+---------+-------
        D:1 |      45 |       4 |   8.2 |      29 |       3 |   9.4
        D:2 |      93 |      17 |  15.5 |      24 |      10 |  29.4
        D:3 |      91 |       0 |   0.0 |      30 |       0 |   0.0
        D:4 |     257 |       2 |   0.8 |      19 |       2 |   9.5
        D:5 |     334 |       0 |   0.0 |       9 |       0 |   0.0
        D:6 |     968 |     171 |  15.0 |      23 |       1 |   4.2
        D:7 |    1074 |     201 |  15.8 |      23 |       2 |   8.0
        D:8 |    1696 |       0 |   0.0 |      34 |       0 |   0.0
        D:9 |    2397 |       0 |   0.0 |      25 |       0 |   0.0
       D:10 |    3223 |     286 |   8.2 |      31 |      32 |  50.8
       D:11 |    3466 |    2586 |  42.7 |      24 |       3 |  11.1
       D:12 |    2850 |    3636 |  56.1 |      21 |       6 |  22.2
       D:13 |    4000 |    3444 |  46.3 |      22 |      26 |  54.2
       D:14 |    4819 |    2546 |  34.6 |      26 |       4 |  13.3
       D:15 |   11651 |    1249 |   9.7 |      28 |       2 |   6.7
     Lair:1 |    3916 |    1403 |  26.4 |      18 |       6 |  25.0
     Lair:2 |    1872 |    1613 |  46.3 |      12 |      11 |  47.8
     Lair:3 |     395 |     969 |  71.0 |       3 |       8 |  72.7
     Lair:4 |    5774 |    1517 |  20.8 |      19 |       3 |  13.6
     Lair:5 |    4485 |       0 |   0.0 |      22 |       0 |   0.0
     Lair:6 |    8707 |   11966 |  57.9 |      38 |      37 |  49.3
    Swamp:1 |   13278 |     685 |   4.9 |      44 |       6 |  12.0
    Swamp:2 |    7567 |       0 |   0.0 |      25 |       0 |   0.0
    Swamp:3 |   10050 |       0 |   0.0 |      41 |       0 |   0.0
    Swamp:4 |    9167 |   10306 |  52.9 |      32 |      22 |  40.7
    Snake:1 |    7378 |       0 |   0.0 |      22 |       0 |   0.0
    Snake:2 |    9291 |    6859 |  42.5 |      21 |      19 |  47.5
    Snake:3 |   17174 |    2282 |  11.7 |      40 |       2 |   4.8
    Snake:4 |    9006 |   41187 |  82.1 |      27 |      72 |  72.7
      Orc:1 |     897 |    5210 |  85.3 |      13 |       9 |  40.9
      Orc:2 |     501 |    4467 |  89.9 |      16 |      41 |  71.9
   Vaults:1 |   19578 |   17475 |  47.2 |      44 |      30 |  40.5
   Vaults:2 |   14332 |   10068 |  41.3 |      23 |      40 |  63.5
   Vaults:3 |   24535 |    8582 |  25.9 |      77 |      22 |  22.2
   Vaults:4 |   27835 |   62047 |  69.0 |      56 |      62 |  52.5
   Vaults:5 |    8369 |   36071 |  81.2 |      22 |      31 |  58.5
   Depths:1 |   22294 |    3173 |  12.5 |      32 |      16 |  33.3
   Depths:2 |       0 |   44939 | 100.0 |       0 |     105 | 100.0
   Depths:3 |   19522 |    2839 |  12.7 |      32 |      14 |  30.4
   Depths:4 |   17649 |   23421 |  57.0 |      36 |      40 |  52.6
   Depths:5 |   25140 |   32912 |  56.7 |      37 |      34 |  47.9
    Ossuary |       0 |     996 | 100.0 |       0 |      15 | 100.0
      IceCv |       0 |    8917 | 100.0 |       0 |      28 | 100.0
    Volcano |       0 |    2264 | 100.0 |       0 |       7 | 100.0
            +---------+---------+-------+---------+---------+-------
